 Dungeon Crawl Stone Soup version 0.28.0-45-g0d030f2227 (webtiles) character file.

Game seed: 8540436440164909951

350 101zpm the Chiller (level 6, -5/46 HPs)
             Began as a Draconian Ice Elementalist on Apr 19, 2022.
             Slain by an ogre
             ... wielding a +0 giant club
              (24 damage)
             ... on level 4 of the Dungeon.
             The game lasted 00:10:18 (4171 turns).

101zpm the Chiller (Draconian Ice Elementalist)     Turns: 4171, Time: 00:10:19

Health: -5/46      AC: 13    Str: 11    XL:     6   Next: 34%
Magic:  6/11       EV: 12    Int: 17    God:
Gold:   90         SH:  0    Dex: 11    Spells: 5/12 levels left

rFire   . . .      SeeInvis .   f - +1 dagger (freeze)
rCold   . . .      Faith    .   (no shield)
rNeg    . . .      Spirit   .   (armour unavailable)
rPois   .          Reflect  .   (helmet restricted)
rElec   .          Harm     .   (no cloak)
rCorr   .          Rampage  .   (no gloves)
Will    .....                   i - +0 pair of boots
Stlth   ++........              d - amulet of regeneration
HPRegen 0.95/turn               (no ring)
MPRegen 0.12/turn               (no ring)

@: ice-armoured, freezing walls
A: AC +6, unfitting armour, cold-blooded
a: no special abilities


You were on level 4 of the Dungeon.
You visited 1 branch of the dungeon, and saw 4 of its levels.

You collected 90 gold pieces.

Inventory:

Hand Weapons
 f - a +1 dagger of freezing (weapon)
 j - a +1 short sword of venom
Missiles
 e - 96 stones
Armour
 i - a +0 pair of boots (worn)
Jewellery
 d - an amulet of regeneration (around neck)
Wands
 q - a wand of charming (7)
Scrolls
 b - 5 scrolls of identify
 c - a scroll of noise {unknown}
 k - a scroll of summoning {unknown}
 m - 2 scrolls of immolation {unknown}
 n - a scroll of vulnerability {unknown}
 o - a scroll of teleportation {unknown}
 p - a scroll of fog {unknown}
Potions
 a - 2 potions of flight
 g - a potion of ambrosia {unknown}
 h - a potion of curing {unknown}
 l - 2 potions of might
 r - a potion of haste {unknown}


   Skills:
 + Level 0.9 Fighting
 + Level 1.8 Short Blades
 + Level 2.9 Dodging
 + Level 2.1 Stealth
 + Level 1.4 Unarmed Combat
 + Level 3.7 Spellcasting
 + Level 5.3 Ice Magic


You had 5 spell levels left.
You knew the following spells:

 Your Spells              Type           Power      Damage    Failure   Level
a - Freeze                Ice            84%        1d10      1%          1
b - Frozen Ramparts       Ice            42%        1d6       5%          3
c - Ozocubu's Armour      Ice            21%        N/A       5%          3

Your spell library contained the following spells:

 Spells                   Type           Power      Damage    Failure   Level
 Hailstorm                Conj/Ice       12%        3d5       47%         4
 Ice Form                 Ice/Tmut       12%        N/A       47%         4
 Summon Ice Beast         Ice/Summ       12%        N/A       47%         4


Dungeon Overview and Level Annotations

Branches:
Dungeon (4/15)
 Temple: D:4-7

Altars:
Yredelemnul

Shops:
D:2 (   D:3 ?

Annotations:
D:3 Ijyb


Innate Abilities, Weirdness & Mutations

Your plain brown scales are hard. (AC +6)
You cannot fit into any form of body armour.
You are cold-blooded and may be slowed by cold attacks.


Message History

You kill the ball python!
An adder comes into view.
A worm comes into view.
Casting: Ozocubu's Armour (dangerous; 5% risk of failure)
Confirm with . or Enter, or press ? or * to list all spells.
Casting: Frozen Ramparts (dangerous; 5% risk of failure)
Press: ? - help, Dir - look around, f - activate The walls around you are covered in ice.
The kobold shouts!
Casting: Frozen Ramparts (dangerous; 5% risk of failure)
Confirm with . or Enter, or press ? or * to list all spells.
A film of ice covers your body!
The wall freezes the worm.
The wall freezes the hobgoblin.
The wall freezes the hobgoblin.
You kill the hobgoblin!
The wall freezes the worm.
You barely miss the worm. You tail-slap the worm.
The worm is lightly wounded.
You hit the worm but do no damage. You tail-slap the worm.
The worm is moderately wounded.
A ball python comes into view.
The wall freezes the adder.
The wall freezes the worm.
The worm bites you!
You hit the worm but do no damage. You tail-slap the worm.
The worm is severely wounded.
The wall freezes the ogre.
The ogre hits you but does no damage.
The wall freezes the adder.
The adder seems to slow down.
The wall freezes the kobold.
You kill the kobold!
You completely miss the worm.
The worm is severely wounded.
The wall freezes the adder.
The wall freezes the worm.
The worm misses you.
The wall freezes the adder.
You kill the adder!
The wall freezes the ogre.
The ogre hits you with a +0 giant club!!
You are too injured to fight recklessly!
The wall freezes the worm.
The worm bites you.
The wall freezes the ogre.
The ogre hits you with a +0 giant club!!
Ouch! That really hurt!
You die...

...... ...... ## .
.K.... #.
........###.#####
.........##.....##
.........###.....##
$..............)..#
.....)##O.#.#.##..##
....S†w@..###..##..##
..#..###...##..##...#
# ##.###.#....##
..##..#.#.##
......#.###
##......##
###...#..### ...## ..
...........# ##... .
#..........##


You could see an ogre, a worm and a ball python.

Vanquished Creatures
  A gnoll shaman (D:3)
  Natasha (thrice) (D:2 D:3)
  An orc wizard (D:3)
  Robin (D:2)
  A howler monkey skeleton (D:2)
  4 gnolls (D:4)
  8 adders
  A worm (D:2)
  3 dart slugs
  4 orcs
  2 bats (D:2)
  A bat skeleton (D:2)
  4 endoplasms
  3 giant cockroaches
  13 goblins
  8 hobgoblins
  4 jackals (D:2)
  9 ball pythons
  4 frilled lizards
  10 kobolds
  2 rats (D:1)
87 creatures vanquished.

Notes
Turn   | Place    | Note
-------+----------+-------------------------------------------
     0 | D:1      | 101zpm the Draconian Ice Elementalist began the quest for
                  | the Orb.
     0 | D:1      | Reached XP level 1. HP: 14/14 MP: 3/3
   375 | D:1      | Reached XP level 2. HP: 15/20 MP: 5/5
   860 | D:1      | Reached skill level 1 in Unarmed Combat
  1472 | D:2      | Reached XP level 3. HP: 21/26 MP: 0/6
  1831 | D:2      | Noticed Robin
  2090 | D:2      | Killed Robin
  2127 | D:2      | Reached XP level 4. HP: 33/33 MP: 3/8
  2178 | D:2      | Found Izid's Weapon Boutique.
  2278 | D:2      | Found a faded altar of an unknown god.
  2725 | D:2      | Reached XP level 5. HP: 39/39 MP: 9/9
  3093 | D:3      | Found a basalt altar of Yredelemnul.
  3411 | D:4      | Reached skill level 1 in Short Blades
  3498 | D:3      | Learned a level 3 spell: Frozen Ramparts
  3502 | D:3      | Learned a level 3 spell: Ozocubu's Armour
  3528 | D:3      | Found Nokosm's Magic Scroll Shop.
  3540 | D:3      | Noticed Ijyb
  3570 | D:3      | Reached skill level 5 in Ice Magic
  3847 | D:3      | Noticed Natasha
  3865 | D:2      | Killed Natasha
  3919 | D:2      | Noticed Natasha
  3934 | D:3      | Killed Natasha
  3935 | D:3      | Reached XP level 6. HP: 46/46 MP: 6/11
  3949 | D:3      | Noticed Natasha
  3960 | D:2      | Killed Natasha
  4171 | D:4      | Slain by an ogre

Illustrated notes

Levels and vault maps discovered:
D:1:      dpeg_arrival_yet_another_circle, layout_basic, minmay_tripent
D:2:      layout_basic, serial_shops, nicolae_square_shop,
          nicolae_ecumenical_snake_handling, minmay_cupped, uniq_robin
D:3:      minmay_wonky_spiral, layout_rooms, lemuel_coloured_pillars_altar,
          okawaru_trees_2, amcnicky_altar_gilded, serial_shops, shop,
          shop_fountains, nicolae_shop_behind_doors,
          nicolae_shop_competitors_out_of_business,
          chequers_serial_rivers_room_a, uniq_jessica, uniq_ijyb, uniq_natasha
D:4:      layout_cave_pools

Skill      XL: |  1  2  3  4  5 |
---------------+----------------+-----
Dodging        | 2 |  2.9
Unarmed Combat | 1 |  1.4
Spellcasting   | 3 |  3.7
Stealth        | 2 |  2.1
Short Blades   | 1 |  1.8
Ice Magic      | 5 |  5.3
Fighting       | |  0.9

Action                   |  1- 3 |  4- 6 || total
-------------------------+-------+-------++-------
Melee: Unarmed           |    93 |       ||    93
       Tailslap          |    21 |    13 ||    34
       Dagger            |    36 |   119 ||   155
       Punch             |       |     3 ||     3
 Cast: Freeze            |    30 |    35 ||    65
       Frozen Ramparts   |       |     5 ||     5
       Ozocubu's Armour  |       |     4 ||     4
  Use: Scroll            |       |     1 ||     1
 Stab: Sleeping          |       |     1 ||     1
Armor: Skin              |    57 |    54 ||   111
Dodge: Dodged            |   134 |    76 ||   210
